[Event "Team 45 45 League T45"]
[Site "Internet Chess Club"]
[Date "2010.05.20"]
[Round "3"]
[White "GiulioCre"]
[Black "pedrin"]
[Result "1-0"]
[WhiteElo "1424"]
[BlackElo "1023"]
[Opening "Queen's Pawn"]
[ECO "A41"]
[Time "15:37:16"]
[TimeControl "2700+45"]

1. d4 d6 2. Nf3 Nf6 3. e3 g6 4. Bd3 Bg7 5. Nbd2 O-O 6. O-O Nc6 7. Nb3 Be6 8. c3
Bg4 9. Nbd2 e5 10. dxe5 Nxe5 11. Be2 Nc6 12. h3 Bd7 13. Re1 Re8 14. Bb5 a6 15.
Ba4 b5 16. Bb3 a5 17. a4 b4 18. e4 bxc3 19. bxc3 Be6 20. Bxe6 Rxe6 21. Nc4 d5
22. exd5 Rxe1+ 23. Qxe1 Nxd5 24. Bb2 Nf4 25. Rd1 Qf6 26. Qe4 Ne7 27. Qxa8+ Bf8
28. Rd8 Ne2+ 29. Kf1 Nc6 30. Rxf8+ Kg7 31. Rg8+ Kh6 32. Kxe2 Qe6+ 33. Ne3 Qa2
34. Qxc6 Qxb2+ 35. Nd2 Qa2 36. Qe4 f5 37. Qh4# {Black checkmated} 1-0

[Event "Team 45 45 League T45"]
[Site "Internet Chess Club"]
[Date "2010.05.25"]
[Round "3"]
[White "fishhead"]
[Black "LucaTrapani"]
[Result "1-0"]
[WhiteElo "2226"]
[BlackElo "2118"]
[Opening "French: Tarrasch, closed variation, main line"]
[ECO "C06"]
[Time "18:00:28"]
[TimeControl "2700+45"]

1. e4 e6 2. d4 d5 3. Nd2 Nf6 4. e5 Nfd7 5. Bd3 c5 6. c3 Nc6 7. Ne2 cxd4 8. cxd4
f6 9. exf6 Nxf6 10. Nf3 Bd6 11. O-O O-O 12. Bf4 Bxf4 13. Nxf4 Ne4 14. Ne2 Bd7
15. Bxe4 dxe4 16. Nd2 Qh4 17. Qb3 Rad8 18. Qxb7 Be8 19. Nb3 Rd5 20. Rae1 Rh5 21.
h3 Nd8 22. Qxa7 Rf3 23. Ng3 Bc6 24. Nxh5 Qxh5 25. gxf3 Qg5+ 26. Kh1 Qf5 27. Qb8
Qxf3+ 28. Kh2 e3 29. Qxd8+ Kf7 {Black resigns} 1-0

[Event "Team 45 45 League T45"]
[Site "Internet Chess Club"]
[Date "2010.05.24"]
[Round "3"]
[White "ghostfire"]
[Black "CREDITorDEBIT"]
[Result "0-1"]
[WhiteElo "1720"]
[BlackElo "1774"]
[Opening "Nimzo-Indian: classical variation"]
[ECO "E32"]
[Time "22:02:03"]
[TimeControl "2700+45"]

1. d4 Nf6 2. c4 e6 3. Nc3 Bb4 4. Qc2 b6 5. a3 Bxc3+ 6. Qxc3 Ne4 7. Qc2 f5 8. Nf3
O-O 9. e3 d6 10. Be2 Nd7 11. O-O Bb7 12. Re1 g5 13. b4 g4 14. Nd2 Qh4 15. Nxe4
Bxe4 16. Bd3 Nf6 17. Bxe4 Nxe4 18. c5 Rf6 19. g3 Qh3 20. Rf1 Rh6 21. f3 Nxg3 22.
Rf2 Nh5 23. fxg4 fxg4 24. Rg2 Rg6 25. Qe4 Rf8 26. Bd2 g3 27. Kh1 Kh8 28. d5 e5
29. cxd6 cxd6 30. Bc3 gxh2 31. Rxg6 hxg6 32. Bxe5+ dxe5 33. Qxe5+ Kg8 34. Qe6+
Qxe6 35. dxe6 Rf2 {White resigns} 0-1

[Event "Team 45 45 League T45"]
[Site "Internet Chess Club"]
[Date "2010.05.22"]
[Round "3"]
[White "tigereye"]
[Black "Constrictor"]
[Result "1-0"]
[WhiteElo "1871"]
[BlackElo "1732"]
[Opening "Budapest: Rubinstein variation"]
[ECO "A52"]
[Time "13:02:09"]
[TimeControl "2700+45"]

1. d4 Nf6 2. c4 e5 3. dxe5 Ng4 4. Bf4 Nc6 5. Nf3 Bb4+ 6. Nbd2 Qe7 7. a3 Ngxe5 8.
Nxe5 Nxe5 9. e3 Bxd2+ 10. Qxd2 d6 11. h3 Be6 12. Rc1 O-O 13. Be2 Rad8 14. O-O
Ng6 15. Bg3 Rfe8 16. Rfd1 Qg5 17. Qc3 h5 18. Kh1 f5 19. Bf3 f4 20. exf4 Nxf4 21.
Qe3 Nxh3 22. gxh3 Qxe3 23. fxe3 Bxh3 24. Bxh5 Rxe3 25. Kh2 Bf5 26. c5 g6 27. Rd5
Rf8 28. Bd1 Be4 29. Rd2 Rf1 30. Bb3+ Rxb3 31. Rxf1 {Black resigns} 1-0

[Event "Team 45 45 League T45"]
[Site "Internet Chess Club"]
[Date "2010.05.24"]
[Round "3"]
[White "Monsieur"]
[Black "badmove"]
[Result "1-0"]
[WhiteElo "1568"]
[BlackElo "1778"]
[Opening "Dutch"]
[ECO "A80"]
[Time "17:00:08"]
[TimeControl "2700+45"]

1. d4 f5 2. Nc3 Nf6 3. Bg5 d5 4. Bxf6 exf6 5. f4 Be6 6. Qd3 Qd7 7. Nf3 Nc6 8. a3
Be7 9. e3 O-O-O 10. g3 g5 11. h4 h6 12. h5 gxf4 13. gxf4 Bd6 14. Nh4 Ne7 15. Bh3
Rdg8 16. Kd2 Rg7 17. Rag1 Rhg8 18. Qf1 c5 19. Nb5 c4 20. Nxd6+ Qxd6 21. Rxg7
Rxg7 22. Rg1 Qa6 23. c3 Rxg1 24. Qxg1 Qb5 25. Kc1 Qe8 26. Ng6 Nxg6 27. hxg6 Qg8
28. Qg2 Qg7 29. Qg1 Kc7 30. Qg3 Kd8 31. Bg2 Ke7 32. Bf3 Kf8 33. Bh5 Qd7 34. Qg1
Kg7 35. Qd1 Qe7 36. Kd2 Bd7 37. Qc2 Qe6 38. b3 Bb5 39. a4 cxb3 40. Qxb3 Bc6 41.
a5 Qe4 42. a6 b6 43. Qb4 Qg2+ 44. Kd3 Bb5+ 45. Qxb5 Qe4+ 46. Kd2 Qg2+ 47. Qe2
Qe4 48. c4 dxc4 49. Qxc4 Qg2+ 50. Kc3 {Black resigns} 1-0

[Event "Team 45 45 League T45"]
[Site "Internet Chess Club"]
[Date "2010.05.19"]
[Round "3"]
[White "justice02"]
[Black "Zumbi"]
[Result "0-1"]
[WhiteElo "1781"]
[BlackElo "1992"]
[Opening "Alekhine's defense"]
[ECO "B03"]
[Time "21:00:49"]
[TimeControl "2700+45"]

1. e4 Nf6 2. e5 Nd5 3. d4 d6 4. c4 Nb6 5. Nf3 Bg4 6. exd6 exd6 7. b3 Be7 8. Be2
Nc6 9. Bb2 Bf6 10. Nbd2 O-O 11. O-O Re8 12. Re1 d5 13. c5 Nd7 14. Qc2 Nb4 15.
Qc3 a5 16. a3 Na6 17. Qc2 c6 18. Ng5 Bxg5 19. Bxg4 Bf6 20. Rad1 Nc7 21. Be2 Ne6
22. Nf3 Nf4 23. Bf1 g6 24. Bc1 Ne6 25. g3 b6 26. b4 axb4 27. axb4 bxc5 28. bxc5
Qa5 29. Rd3 Reb8 30. Be3 Qa4 31. Qc1 Rb4 32. Bh3 Ndf8 33. Red1 Rab8 34. Bf1 Rc4
35. Qa3 Ra8 36. Qxa4 Raxa4 37. Rb3 Rcb4 38. Rbd3 g5 39. h3 h5 40. Bd2 Rb2 41.
Bc3 Rc2 42. Ne1 Rca2 43. Nf3 g4 44. hxg4 hxg4 45. Nh2 Bg7 46. Nxg4 Nxc5 47. Rf3
Ne4 48. Be1 Rxd4 49. Rxd4 Bxd4 50. Nh6+ Kh7 51. Nxf7 Ra1 52. Bb4 c5 53. Ra3 cxb4
{White resigns} 0-1

[Event "Team 45 45 League T45"]
[Site "Internet Chess Club"]
[Date "2010.05.20"]
[Round "3"]
[White "eagleeye222001"]
[Black "Yedixon"]
[Result "0-1"]
[WhiteElo "1756"]
[BlackElo "1731"]
[Opening "Queen's pawn, Mason variation"]
[ECO "D00"]
[Time "22:26:38"]
[TimeControl "2700+45"]

1. d4 d5 2. Bf4 Nc6 3. Nf3 Bg4 4. e3 f6 5. Be2 Bxf3 6. Bxf3 e5 7. dxe5 fxe5 8.
Bg3 e4 9. Be2 Bb4+ 10. c3 Bc5 11. b4 Bb6 12. Nd2 Nf6 13. c4 Nxb4 14. Qa4+ Nc6
15. cxd5 Qxd5 16. Bc4 Qa5 17. Qb3 O-O-O 18. Rd1 Kb8 19. Ke2 Qh5+ 20. f3 exf3+
21. Nxf3 Rde8 22. Be6 Rxe6 23. Qxe6 Re8 24. Qb3 Nd4+ 25. Rxd4 Bxd4 26. Bxc7+
Kxc7 27. Qc4+ Bc5 28. Rc1 Rxe3+ 29. Kf1 Rxf3+ 30. gxf3 Qxf3+ 31. Ke1 Qe3+ 32.
Kd1 b6 33. Qf7+ Kb8 34. Qxg7 Qf3+ 35. Kc2 Qe4+ 36. Kb3 Nd5 37. Qg8+ Kb7 38. Qf7+
Ka6 39. Qf1+ b5 40. a3 Qa4+ 41. Ka2 Qxa3+ {White resigns} 0-1

[Event "Team 45 45 League T45"]
[Site "Internet Chess Club"]
[Date "2010.05.21"]
[Round "3"]
[White "randallsr"]
[Black "Tobiasdelmonte"]
[Result "0-1"]
[WhiteElo "1754"]
[BlackElo "1732"]
[Opening "English opening: Agincourt variation"]
[ECO "A13"]
[Time "23:04:19"]
[TimeControl "2700+45"]

1. Nf3 d5 2. c4 e6 3. cxd5 exd5 4. b3 Nf6 5. Bb2 Be7 6. g3 O-O 7. Bg2 Bf5 8. O-O
c5 9. d3 Nc6 10. Ne5 Nxe5 11. Bxe5 Qd7 12. Nd2 Ng4 13. Bb2 Rac8 14. Nf3 Qe6 15.
Re1 Rfd8 16. Rc1 d4 17. Nd2 Bg5 18. Rc2 Be3 19. Rf1 Rd6 20. Nc4 Qh6 21. h3 Nxf2
22. Rxf2 Bxf2+ 23. Kxf2 Rf6 24. Bf3 b5 25. Bc1 Qxh3 26. Qg1 bxc4 27. Rxc4 Be6
28. Ra4 Rc7 29. Bf4 Rd7 30. Qg2 Qxg2+ 31. Kxg2 h6 32. Bb8 a6 33. Be4 Bd5 34.
Bxd5 Rxd5 35. Rc4 Re6 36. Ba7 Rxe2+ 37. Kh3 Rxa2 38. Bxc5 Rd2 39. Bxd4 Rxd3 40.
Rc8+ Kh7 41. Ba1 Rxb3 42. Rc7 Kg6 43. Rc6+ f6 44. Rxa6 Rdd3 45. Ra4 Rxg3+ 46.
Kh2 Ra3 47. Rxa3 Rxa3 {White resigns} 0-1

[Event "Team 45 45 League T45"]
[Site "Internet Chess Club"]
[Date "2010.05.23"]
[Round "3"]
[White "Magagna"]
[Black "room-matt"]
[Result "1-0"]
[WhiteElo "1818"]
[BlackElo "1726"]
[Opening "QGD Slav: Winawer counter-gambit"]
[ECO "D10"]
[Time "12:09:38"]
[TimeControl "2700+45"]

1. d4 d5 2. c4 c6 3. Nc3 e5 4. cxd5 cxd5 5. Nf3 e4 6. Nd2 Nf6 7. e3 Nc6 8. a3
Bd6 9. Qb3 Bc7 10. Bb5 Qd7 11. Na4 b6 12. Qc2 Bb7 13. Nc3 O-O 14. b4 a6 15. Ba4
Rac8 16. b5 axb5 17. Bxb5 Qe6 18. Nb3 Na7 19. Be2 Bb8 20. Bd2 Rc7 21. Qb2 Rfc8
22. a4 Nc6 23. a5 bxa5 24. Nxa5 Nxa5 25. Rxa5 Re7 26. Rb5 Qd7 27. Na4 Ba7 28.
Nb6 Bxb6 29. Rxb6 Ba8 30. Ba6 Rc7 31. O-O h6 32. Rb1 Kh7 33. h3 Ra7 34. Bb4 Re6
35. Bb5 Qc7 36. Rxe6 fxe6 37. Bc5 Rb7 38. Qa3 Qd8 39. Qa4 Nd7 40. Ra1 Nxc5 41.
dxc5 Rb8 42. c6 Qc7 43. Qa5 Rb6 44. Rc1 Bb7 45. g3 g5 46. Qa4 h5 47. Kg2 Bc8 48.
Qa5 Kg6 49. Be2 h4 50. g4 Kf6 51. Bb5 Ke7 52. Ba4 Kf6 53. Qc3+ Kf7 54. Qh8 Ke7
55. Qg7+ Kd6 56. Qxg5 {Black resigns} 1-0

[Event "Team 45 45 League T45"]
[Site "Internet Chess Club"]
[Date "2010.05.23"]
[Round "3"]
[White "perikitosax"]
[Black "chiiwen"]
[Result "0-1"]
[WhiteElo "2074"]
[BlackElo "2169"]
[Opening "Dutch defense"]
[ECO "A81"]
[Time "12:30:47"]
[TimeControl "2700+45"]

1. d4 f5 2. g3 Nf6 3. Bg2 d6 4. Nf3 g6 5. O-O Bg7 6. b4 O-O 7. Bb2 c6 8. c4 Kh8
9. Nbd2 Na6 10. a3 Qe8 11. Qc2 d5 12. e3 e6 13. Qb3 Nc7 14. a4 a6 15. Ba3 Rg8
16. b5 axb5 17. cxb5 cxb5 18. Qc2 Na6 19. axb5 Qxb5 20. Rfb1 Qe8 21. Bf1 Ne4 22.
Nxe4 fxe4 23. Ne5 Bxe5 24. dxe5 Rg7 25. Bd6 Rf7 26. Bb5 Bd7 27. Bxa6 bxa6 28.
Rxa6 Rxa6 29. Rb8 Qxb8 30. Bxb8 Rc6 31. Qb2 Kg7 32. Bd6 Rc8 33. h4 h5 34. Qe2
Rc1+ 35. Kg2 Ba4 36. Qd2 Rc2 37. Qe1 Bb5 38. Bb8 Re2 39. Qg1 Bd3 40. Bd6 Kh7 41.
Bc5 Rc2 42. Bd4 Rfc7 43. Qe1 Re2 44. Qa1 Rf7 45. Qg1 Kh6 46. Bb6 Rb2 47. Bd8 Rb1
48. Qh2 Bf1+ 49. Kg1 Bh3# {White checkmated} 0-1

[Event "Team 45 45 League T45"]
[Site "Internet Chess Club"]
[Date "2010.05.24"]
[Round "3"]
[White "Fulvio"]
[Black "lluisdp"]
[Result "1/2-1/2"]
[WhiteElo "1978"]
[BlackElo "2098"]
[Opening "Budapest: Adler variation"]
[ECO "A52"]
[Time "15:00:36"]
[TimeControl "2700+45"]

1. d4 Nf6 2. c4 e5 3. dxe5 Ng4 4. Nf3 Bc5 5. e3 Nc6 6. Be2 O-O 7. a3 a5 8. Nc3
Ngxe5 9. O-O Re8 10. Nd4 d6 11. Ndb5 Be6 12. Nd5 Bxd5 13. cxd5 Ne7 14. Nc3 Nf5
15. Ne4 Bb6 16. Ng3 Qf6 17. Nxf5 Qxf5 18. b3 Qf6 19. Bb2 Nf3+ 20. Bxf3 Qxb2 21.
Qd3 {Game drawn by mutual agreement} 1/2-1/2

[Event "Team 45 45 League T45"]
[Site "Internet Chess Club"]
[Date "2010.05.20"]
[Round "3"]
[White "PopolVuh"]
[Black "chess9793"]
[Result "1/2-1/2"]
[WhiteElo "1966"]
[BlackElo "2008"]
[Opening "Neo-Grünfeld, 5.Nf3"]
[ECO "D73"]
[Time "19:00:27"]
[TimeControl "2700+45"]

1. d4 Nf6 2. g3 g6 3. Bg2 d5 4. Nf3 Bg7 5. c4 c6 6. b3 O-O 7. O-O c5 8. Bb2 Nc6
9. dxc5 dxc4 10. Qxd8 Rxd8 11. Nbd2 cxb3 12. Nxb3 Be6 13. Rfd1 Ne4 14. Rxd8+
Rxd8 15. Bxg7 Kxg7 16. Ne5 Bd5 17. Nxc6 Bxc6 18. Bxe4 Bxe4 19. Kf1 Kf6 20. f3
Bc6 21. Ke1 Ke6 22. e4 Rd3 23. Ke2 Bb5 24. Kf2 Ba4 25. Ke2 Rc3 26. Rc1 Rxc1 27.
Nxc1 Kd7 28. Kd3 e5 29. Nb3 Bxb3 30. axb3 Kc6 31. Kc4 a5 32. b4 axb4 33. Kxb4 h5
34. Kc4 g5 35. h3 h4 36. g4 f6 37. Kb4 b5 38. cxb6 Kxb6 39. Kc4 Kc6 40. Kb4 Kb6
41. Kc4 Kc6 42. Kb4 Kb6 43. Kc4 Kc6 44. Kb4 Kb6 {Game drawn by repetition}
1/2-1/2

[Event "Team 45 45 League T45"]
[Site "Internet Chess Club"]
[Date "2010.05.22"]
[Round "3"]
[White "Stryker672"]
[Black "Monsoon-Smith"]
[Result "0-1"]
[WhiteElo "1929"]
[BlackElo "2104"]
[Opening "Sicilian: Alapin's variation (2.c3)"]
[ECO "B22"]
[Time "19:00:18"]
[TimeControl "2700+45"]

1. e4 c5 2. c3 d5 3. exd5 Qxd5 4. d4 Nf6 5. Nf3 Bg4 6. Be2 e6 7. O-O Nc6 8. h3
Bh5 9. Be3 cxd4 10. Nxd4 Bxe2 11. Qxe2 Be7 12. Nd2 O-O 13. Rfd1 Rfd8 14. N2f3 a6
15. a4 h6 16. Nxc6 Qxc6 17. Bd4 Qe4 18. Qxe4 Nxe4 19. Bb6 Rxd1+ 20. Rxd1 Nf6 21.
c4 Rc8 22. b3 Bc5 23. Bxc5 Rxc5 24. Rd8+ Kh7 25. Rb8 Rc7 26. Ne5 Ne4 27. Rd8 Nc5
28. Rf8 f6 29. Rf7 Rxf7 30. Nxf7 Nxb3 31. Nd8 Nc5 32. Kf1 Kg8 33. Ke2 Kf8 34.
Ke3 Ke7 35. Kd4 Kxd8 36. Kxc5 Kc7 37. a5 h5 38. f4 g5 39. fxg5 fxg5 40. g4 h4
41. Kd4 b6 42. axb6+ Kxb6 43. Ke5 a5 44. Kxe6 Kc5 45. Kf5 a4 46. Kxg5 a3 47. Kh6
a2 48. g5 a1=Q 49. g6 Qh8+ 50. Kg5 Qg7 51. Kxh4 Qh6+ {White resigns} 0-1

[Event "Team 45 45 League T45"]
[Site "Internet Chess Club"]
[Date "2010.05.24"]
[Round "3"]
[White "Freitac"]
[Black "alexdb"]
[Result "1/2-1/2"]
[WhiteElo "1988"]
[BlackElo "1959"]
[Opening "Nimzo-Indian: classical variation"]
[ECO "E32"]
[Time "17:11:20"]
[TimeControl "2700+45"]

1. d4 Nf6 2. c4 e6 3. Nc3 Bb4 4. Qc2 O-O 5. a3 Bxc3+ 6. Qxc3 Ne4 7. Qc2 f5 8.
Nh3 Nc6 9. e3 d6 10. f3 Nf6 11. Bd3 a6 12. O-O Bd7 13. Bd2 Rb8 14. Rac1 Qc8 15.
b4 Ne7 16. Nf2 Rf7 17. Rce1 c5 18. dxc5 dxc5 19. e4 b6 20. Bf4 Ra8 21. Bd6 Nc6
22. bxc5 Nd4 23. Qc3 bxc5 24. Qa5 Nb3 25. Qc3 Nd4 26. Qa5 Nb3 27. Qc3 Nd4 {Game
drawn by repetition} 1/2-1/2

[Event "Team 45 45 League T45"]
[Site "Internet Chess Club"]
[Date "2010.05.25"]
[Round "3"]
[White "crazyhorses"]
[Black "rookmaster23"]
[Result "1/2-1/2"]
[WhiteElo "1463"]
[BlackElo "1394"]
[Opening "Sicilian: Najdorf, Opocensky variation"]
[ECO "B92"]
[Time "12:00:06"]
[TimeControl "2700+45"]

1. e4 c5 2. Nf3 d6 3. d4 cxd4 4. Nxd4 Nf6 5. Nc3 a6 6. Be2 e5 7. Nb3 Be6 8. O-O
Be7 9. Be3 O-O 10. f3 Nbd7 11. a4 Nb6 12. Nd2 d5 13. exd5 Nbxd5 14. Nxd5 Nxd5
15. Bf2 Bg5 16. Nc4 Qc7 17. Qe1 Nf4 18. Ne3 Nh3+ 19. gxh3 Bxh3 20. c4 Bxf1 21.
Nd5 Qd6 22. Bxf1 Qg6 23. Kh1 Qf5 24. Qe4 Qxe4 25. fxe4 f5 26. exf5 Rxf5 27. Be3
Bh4 28. Bd3 Rh5 29. Be2 Rf5 30. Bd3 Rh5 31. Be2 Rf5 32. Bd3 {Game drawn by
repetition} 1/2-1/2

[Event "Team 45 45 League T45"]
[Site "Internet Chess Club"]
[Date "2010.05.23"]
[Round "3"]
[White "LeanSixSigma"]
[Black "RayF"]
[Result "0-1"]
[WhiteElo "1397"]
[BlackElo "1671"]
[Opening "King's Indian, 3.Nf3"]
[ECO "E90"]
[Time "09:00:23"]
[TimeControl "2700+45"]

1. d4 Nf6 2. c4 g6 3. Nf3 Bg7 4. Nc3 O-O 5. e4 d6 6. h3 e5 7. d5 Na6 8. a3 Nc5
9. Bd3 Nxd3+ 10. Qxd3 Nh5 11. Ne2 f5 12. Bg5 Nf6 13. Nc3 h6 14. Bxf6 Qxf6 15.
O-O-O fxe4 16. Nxe4 Qf4+ 17. Qe3 a5 18. Qxf4 Rxf4 19. Ned2 e4 20. g3 Rf7 21. Nh4
g5 22. Ng2 Rxf2 23. Ne3 Bd7 24. g4 Raf8 25. Nf5 Bxf5 26. gxf5 R8xf5 27. Nxe4
Rxb2 28. Rd2 Rb3 29. Ra2 Rff3 30. Nd2 Rxh3 31. Rd1 Rxa3 32. Rxa3 Rxa3 33. Nb1
Ra4 34. Nd2 Bc3 35. Kc2 Bxd2 36. Rxd2 Rxc4+ 37. Kb3 Rf4 38. Re2 Kf7 39. Rc2 Rb4+
40. Ka3 h5 41. Rxc7+ Kf6 42. Rd7 Ke5 43. Rg7 Kf4 44. Rf7+ Kg3 45. Rf5 Kh4 46.
Rf6 Rd4 47. Rxd6 b5 48. Kb3 g4 49. Kc3 Rc4+ 50. Kd3 g3 51. Rg6 Rg4 52. Rxg4+
Kxg4 53. Ke2 g2 54. Kf2 Kh3 55. Kg1 Kg3 56. d6 h4 57. d7 h3 58. d8=Q h2# {White
checkmated} 0-1

[Event "Team 45 45 League T45"]
[Site "Internet Chess Club"]
[Date "2010.05.23"]
[Round "3"]
[White "seattleblues"]
[Black "krysto"]
[Result "0-1"]
[WhiteElo "1238"]
[BlackElo "1247"]
[Opening "Ruy Lopez: closed, Chigorin defense"]
[ECO "C97"]
[Time "21:09:35"]
[TimeControl "2700+45"]

1. e4 e5 2. Nf3 Nc6 3. Bb5 a6 4. Ba4 Nf6 5. O-O Be7 6. Re1 b5 7. Bb3 d6 8. c3
O-O 9. h3 Na5 10. Bc2 c5 11. d4 Qc7 12. Nbd2 Bb7 13. Nf1 Rac8 14. Re2 cxd4 15.
cxd4 Bc6 16. d5 Bd7 17. Ng3 h6 18. Nh4 Nxe4 19. Rxe4 Qxc2 20. Qxc2 Rxc2 21. Nhf5
Bxf5 22. Nxf5 Re8 23. Bxh6 gxh6 24. Nxh6+ Kg7 25. Nf5+ Kg6 26. Ne3 Rc7 27. Rg4+
Kh7 28. Nf5 Rg8 29. Re4 f6 30. Rh4+ Kg6 31. Nxe7+ Rxe7 32. Rg4+ Kf7 33. Rh4 Rc7
34. b3 Rgc8 35. Kh2 Rc2 36. f3 Rd2 37. Rh7+ Kg6 38. Ra7 Rcc2 39. Rg1 Rxa2 40.
Rxa6 Nxb3 41. Rxd6 Nd4 42. Kg3 Nf5+ {White resigns} 0-1

[Event "Team 45 45 League T45"]
[Site "Internet Chess Club"]
[Date "2010.05.23"]
[Round "3"]
[White "supraholic"]
[Black "Conjurer"]
[Result "0-1"]
[WhiteElo "1247"]
[BlackElo "1274"]
[Opening "Sicilian"]
[ECO "B50"]
[Time "23:01:27"]
[TimeControl "2700+45"]

1. e4 c5 2. Nf3 d6 3. Bc4 Nf6 4. d3 Nbd7 5. a3 a6 6. b4 b5 7. Bb3 g6 8. Bb2 Bg7
9. O-O O-O 10. h3 Bb7 11. Nbd2 Rc8 12. c4 Re8 13. cxb5 axb5 14. e5 Nxe5 15. Nxe5
dxe5 16. Nf3 Nd7 17. Ng5 e6 18. Ne4 Qb6 19. g4 Red8 20. h4 c4 21. Bc2 Nf6 22.
Nxf6+ Bxf6 23. g5 Bh8 24. Re1 cxd3 25. Bxd3 e4 {White forfeits on time} 0-1

[Event "Team 45 45 League T45"]
[Site "Internet Chess Club"]
[Date "2010.05.23"]
[Round "3"]
[White "Fisherman77"]
[Black "megarook"]
[Result "0-1"]
[WhiteElo "1388"]
[BlackElo "1599"]
[Opening "Scandinavian (center counter) defense"]
[ECO "B01"]
[Time "18:00:10"]
[TimeControl "2700+45"]

1. e4 d5 2. exd5 Qxd5 3. Nc3 Qa5 4. Bc4 Nf6 5. d3 c6 6. Bd2 Bf5 7. Nf3 e6 8. Nd5
Qd8 9. Nxf6+ Qxf6 10. Bc3 Qd8 11. Qd2 Nd7 12. O-O Nb6 13. Bb3 Nd5 14. Be5 f6 15.
Bg3 Bd6 16. Nd4 Bxg3 17. Nxf5 Bxh2+ 18. Kxh2 exf5 19. Bxd5 Qxd5 20. Rae1+ Kf7
21. Qf4 Rad8 22. g3 Rhe8 23. Qh4 Kg8 24. Qh5 Re6 25. c4 Qd6 26. f4 Rxe1 27. Rxe1
g6 28. Qf3 Kf7 29. Rd1 Qd4 30. Rd2 Re8 31. Qd1 Re3 32. Qb3 b6 33. a4 Rxg3 34.
c5+ Kg7 35. Kxg3 Qe3+ 36. Kg2 Qxd2+ 37. Kf3 bxc5 38. Qc4 h5 39. Qxc5 Qxd3+ 40.
Kf2 Qd2+ 41. Kg3 Qe1+ 42. Kf3 Qe4+ 43. Kg3 h4+ 44. Kxh4 Qxf4+ 45. Kh3 Qg4+ 46.
Kh2 Qe2+ 47. Kg3 Qe5+ 48. Qxe5 fxe5 49. b4 g5 {White resigns} 0-1

[Event "Team 45 45 League T45"]
[Site "Internet Chess Club"]
[Date "2010.05.23"]
[Round "3"]
[White "sdcohle"]
[Black "KidBoa"]
[Result "1-0"]
[WhiteElo "1374"]
[BlackElo "1296"]
[Opening "Queen's gambit accepted"]
[ECO "D20"]
[Time "21:00:16"]
[TimeControl "2700+45"]

1. d4 d5 2. c4 dxc4 3. e3 Be6 4. Qf3 Nc6 5. Nc3 Nb4 6. Qxb7 Nc2+ 7. Ke2 Nxa1 8.
Bd2 Nf6 9. Qb5+ Qd7 10. Qb7 Qc8 11. Qb5+ c6 12. Qa4 Nd5 13. Qd1 Bg4+ 14. f3 Be6
15. Qxa1 Nxc3+ 16. Bxc3 Qa6 17. g3 Bf5 18. e4 Be6 19. Bg2 g6 20. Kf2 Bg7 21. Ne2
O-O 22. Rd1 Qa4 23. e5 Rad8 24. Nf4 Bf5 25. Rd2 c5 26. d5 e6 27. d6 f6 28. g4
Bd3 29. Nxe6 fxe5 30. Nxf8 Rxf8 31. a3 Rd8 32. Qe1 Rxd6 33. Bxe5 Bxe5 34. Qxe5
Rc6 35. f4 c3 36. Bd5+ Re6 37. Qxe6+ Kg7 38. bxc3 Qxf4+ 39. Bf3 Qxd2+ 40. Kg3
Qxc3 41. Qe7+ Kh8 42. Qf8# {Black checkmated} 1-0

[Event "Team 45 45 League T45"]
[Site "Internet Chess Club"]
[Date "2010.05.24"]
[Round "3"]
[White "kingsrook"]
[Black "MateIn42"]
[Result "0-1"]
[WhiteElo "1360"]
[BlackElo "1445"]
[Opening "Queen's Indian defense"]
[ECO "A47"]
[Time "19:02:55"]
[TimeControl "2700+45"]

1. d4 Nf6 2. Nf3 b6 3. e3 Bb7 4. Nbd2 e6 5. Bd3 Nc6 6. O-O Be7 7. b3 Nb4 8. Be2
O-O 9. a3 Nbd5 10. Bb2 c5 11. c4 Nc7 12. Bd3 d5 13. Rc1 Ne4 14. Re1 Rc8 15. Nf1
Ne8 16. Ng3 Nxg3 17. hxg3 Bf6 18. Qc2 g6 19. Qe2 Nd6 20. Nd2 Re8 21. e4 e5 22.
dxe5 Bxe5 23. Bxe5 Rxe5 24. cxd5 Bxd5 25. Nc4 Nxc4 26. Bxc4 Rxe4 27. Qc2 Rxe1+
28. Rxe1 Bxc4 29. Qxc4 Qd7 30. a4 Re8 31. Rc1 Qd2 32. Kf1 Re2 33. Qxe2 Qxc1+ 34.
Qe1 Qxe1+ 35. Kxe1 a6 36. Kd2 b5 37. a5 f5 38. Kc3 Kf7 39. b4 c4 40. Kd4 Kf6 41.
f4 h6 42. Ke3 Ke6 43. Kd4 g5 44. Ke3 Kd5 45. fxg5 hxg5 46. g4 f4+ 47. Kd2 Kd4
48. Kc2 Ke3 {White resigns} 0-1

[Event "Team 45 45 League T45"]
[Site "Internet Chess Club"]
[Date "2010.05.24"]
[Round "3"]
[White "pawnward"]
[Black "Kallistos"]
[Result "1-0"]
[WhiteElo "1684"]
[BlackElo "1665"]
[Opening "French: Winawer (Nimzovich) variation"]
[ECO "C15"]
[Time "20:30:14"]
[TimeControl "2700+45"]

1. e4 e6 2. d4 d5 3. Nc3 Bb4 4. f3 dxe4 5. Be3 Nf6 6. Bc4 O-O 7. Ne2 exf3 8.
gxf3 Nd5 9. Qd3 Nxe3 10. Qxe3 c5 11. O-O-O cxd4 12. Nxd4 Qc7 13. Be2 Bxc3 14.
Qxc3 Qxc3 15. bxc3 Bd7 16. f4 a5 17. Bf3 Ra7 18. c4 a4 19. Nb5 Ra5 20. Bxb7 Bxb5
21. cxb5 Rxb5 22. Be4 Rb4 23. Rhe1 f5 24. Bg2 Kf7 25. Rf1 Rc8 26. a3 Rbc4 27.
Rf2 Kf6 28. Bf1 Re4 29. Rd6 Re1+ 30. Kd2 Ra1 31. Bb5 Ke7 32. Rb6 Rd8+ 33. Kc3
Rxa3+ 34. Kb4 Re3 35. Kxa4 h6 36. c4 g5 37. Rb7+ Kf6 38. c5 Re4+ 39. Ka5 Rxf4
40. Rxf4 gxf4 41. Kb6 f3 42. Kc7 Rd5 43. Kb6 f2 44. Rxb8 Rd1 45. Kc7 e5 46. c6
Kg5 47. Rb7 Rb1 48. Ba6 Ra1 49. Bb5 Rb1 50. Ba6 Ra1 51. Rb2 Rxa6 52. Rxf2 Ra3
53. Kd6 Rc3 54. c7 Rc1 55. Rb2 e4 56. Rb8 Kf4 57. c8=Q Rxc8 58. Rxc8 e3 59. Ke6
{Black resigns} 1-0

[Event "Team 45 45 League T45"]
[Site "Internet Chess Club"]
[Date "2010.05.25"]
[Round "3"]
[White "ScotchYeti"]
[Black "Manders"]
[Result "1-0"]
[WhiteElo "1576"]
[BlackElo "1642"]
[Opening "French: Two knights variation"]
[ECO "C00"]
[Time "15:02:22"]
[TimeControl "2700+45"]

1. e4 e6 2. Nf3 d5 3. Nc3 d4 4. Ne2 c5 5. c3 Nc6 6. Ng3 g6 7. cxd4 cxd4 8. Bc4
Bg7 9. d3 b5 10. Bb3 Nge7 11. O-O O-O 12. Bd2 Bb7 13. a3 Qb6 14. Ba2 b4 15. Bg5
Rfc8 16. Bc4 h6 17. Bd2 Ba6 18. Bxa6 Qxa6 19. Qe2 bxa3 20. bxa3 Rab8 21. Bf4 e5
22. Bd2 Rb3 23. Ne1 Rxa3 24. Rxa3 Qxa3 25. f4 Kh7 26. f5 Ng8 27. Qg4 a5 28.
fxg6+ fxg6 29. Qxc8 Nce7 {Black resigns} 1-0

[Event "Team 45 45 League T45"]
[Site "Internet Chess Club"]
[Date "2010.05.23"]
[Round "3"]
[White "daniguti"]
[Black "Signalman"]
[Result "1/2-1/2"]
[WhiteElo "1564"]
[BlackElo "1534"]
[Opening "Philidor: Improved Hanham variation"]
[ECO "B07"]
[Time "13:02:50"]
[TimeControl "2700+45"]

1. e4 d6 2. d4 Nf6 3. Nc3 Nbd7 4. Nf3 e5 5. Bc4 Be7 6. O-O O-O 7. Re1 c6 8. a3
b5 9. Ba2 a5 10. h3 b4 11. axb4 axb4 12. Bxf7+ Rxf7 13. Rxa8 bxc3 14. dxe5 dxe5
15. Nxe5 Nxe5 16. Qxd8+ Bxd8 17. Rxc8 Rf8 18. bxc3 Ba5 19. Rxf8+ Kxf8 20. Re3
Nc4 21. Re2 Bxc3 22. f4 Bd4+ 23. Kh2 Ke7 24. g4 Nd7 25. f5 Kf6 26. g5+ Ke7 27.
Kg3 Nde5 28. h4 Bc3 29. Bf4 Kf8 30. h5 c5 31. Kh3 Nf7 32. g6 hxg6 33. fxg6 Nfe5
34. Rf2 Bd4 35. Rf1 Ke8 36. h6 Nxg6 37. h7 Ke7 38. Rf3 Nh8 39. Bg5+ Ke6 40. Rf8
g6 41. Bf4 Nd6 42. e5 Ndf7 43. Re8+ Kd7 44. Ra8 g5 45. Bg3 Bc3 46. Kg4 Nxe5+ 47.
Kxg5 Nef7+ 48. Kf5 Nd6+ 49. Kg4 Nc8 50. Bf2 c4 51. Kf3 Nf7 52. Kg4 Nh8 53. Ra3
Bb2 54. Rf3 Be5 55. c3 Nd6 56. Bg3 Bg7 57. Bxd6 Kxd6 58. Kf5 Ke7 59. Rf4 Bxc3
60. Rxc4 Bb2 61. Rb4 Bg7 {Game drawn by mutual agreement} 1/2-1/2